 Dungeon Crawl Stone Soup version 0.29.1-1-gd02db6906a (webtiles) character file.

Game seed: 9864419174253151213

171 sankara the Chopper (level 5, -3/47 HPs)
             Began as a Hill Orc Fighter on Oct 13, 2022.
             Killed by nerve-wracking pain
             ... invoked by an orc priest
              (6 damage)
             ... on level 4 of the Dungeon.
             The game lasted 00:06:12 (3441 turns).

sankara the Chopper (Hill Orc Fighter)              Turns: 3441, Time: 00:06:13

Health: -3/47      AC:  8    Str: 19    XL:     5   Next: 51%
Magic:  5/5        EV: 11    Int:  8    God:
Gold:   109        SH:  5    Dex: 12    Spells: 4/4 levels left

rFire   . . .      SeeInvis .   a - +0 war axe
rCold   . . .      Faith    .   c - +0 buckler
rNeg    . . .      Spirit   .   e - +3 leather armour
rPois   .          Reflect  .   (no helmet)
rElec   .          Harm     .   (no cloak)
rCorr   .          Rampage  .   l - +0 pair of gloves
Will    .....                   C - +0 pair of boots
Stlth   +.........              (no amulet)
HPRegen 0.15/turn               (no ring)
MPRegen 0.09/turn               (no ring)

@: no status effects
A: no striking features
a: Convert to Beogh


You were on level 4 of the Dungeon.
You visited 1 branch of the dungeon, and saw 4 of its levels.

You collected 109 gold pieces.

Inventory:

Hand Weapons
 a - a +0 war axe (weapon)
 h - a +0 sling
Missiles
 b - 2 silver boomerangs (quivered)
 g - 50 stones
 p - 5 poisoned darts
Armour
 c - a +0 buckler (worn)
 e - a +3 leather armour (worn)
 l - a +0 pair of gloves (worn)
 v - a +0 chain mail
 x - a +1 leather armour of fire resistance
 C - a +0 pair of boots (worn)
Magical Staves
 s - a staff of conjuration
Scrolls
 f - a scroll of noise {unknown}
 j - 5 scrolls of identify {unknown}
 n - a scroll of brand weapon {unknown}
 t - 2 scrolls of immolation {unknown}
 u - 3 scrolls of teleportation {unknown}
 y - a scroll of vulnerability {unknown}
 B - a scroll of torment {unknown}
 E - a scroll of blinking {unknown}
Potions
 d - a potion of might
 i - a potion of haste
 k - 3 potions of magic {unknown}
 m - 3 potions of curing {unknown}
 o - 4 potions of lignification {unknown}
 q - a potion of heal wounds {unknown}
 r - a potion of ambrosia {unknown}
 w - a potion of flight {unknown}
 z - a potion of berserk rage {unknown}
 A - a potion of attraction {unknown}
 D - a potion of degeneration {unknown}
 F - a potion of resistance {unknown}


   Skills:
 + Level 4.4 Fighting
 * Level 4.7 Axes
 + Level 4.1 Armour
 + Level 1.4 Dodging
 + Level 3.9 Shields


You had 4 spell levels left.
You didn't know any spells.
Your spell library contained the following spells:

 Spells                   Type           Power      Damage    Failure   Level
 Magic Dart               Conj           0%         1d3       54%         1
 Searing Ray              Conj           0%         2d4       69%         2
 Sublimation of Blood     Necr           0%         N/A       69%         2
 Wereblood                Tmut           0%         N/A       69%         2
 Gell's Gravitas          Tloc           0%         N/A       89%         3
 Teleport Other           Tloc           0%         N/A       89%         3
 Airstrike                Air            0%         2d(0-16)  100%        4
 Fulminant Prism          Conj/Hex       0%         3d6       100%        4
 Summon Lightning Spire   Summ/Air       0%         N/A       100%        4
 Lightning Bolt           Conj/Air       0%         1d11      100%        5
 Dispersal                Tloc           0%         N/A       100%        6
 Summon Hydra             Summ           0%         N/A       100%        7


Dungeon Overview and Level Annotations

Branches:
Dungeon (4/15)
 Temple: D:4-7

Altars:

Shops:
D:3 [


Message History

You hit the orc.
The orc is moderately wounded.
You block the orc's attack.
You barely miss the orc.
The orc is lightly wounded.
You block the orc's attack.
The orc priest calls down the wrath of Beogh upon you.
Beogh smites you!
* * * LOW HITPOINT WARNING * * *
The orc hits you with a +0 club.
* * * LOW HITPOINT WARNING * * *
You hit the orc.
The orc is almost dead.
The orc priest calls upon Beogh to heal the orc.
The orc is healed somewhat.
The orc barely misses you.
You barely miss the orc.
The orc is lightly wounded.
The orc hits you but does no damage.
Unknown command.
The orc priest shouts, "Surrender to Beogh and we'll let you live!"
You hit the orc.
You kill the orc!
The orc priest hits you with a +0 hand axe.
* * * LOW HITPOINT WARNING * * *
The orc priest hits you with a +0 hand axe.
* * * LOW HITPOINT WARNING * * *
Things that are here:
a +0 club; a +0 robe The orc priest hits you with a +0 hand axe.
* * * LOW HITPOINT WARNING * * *
You slash the orc priest!
The orc priest is severely wounded.
The orc priest shouts, "Surrender to Beogh and we'll let you live!"
The orc priest shouts, "Beogh is our master!
Accept the truth or die!"
The orc priest closely misses you.
You hit the orc priest.
The orc priest is almost dead.
The orc priest calls down the wrath of Beogh upon you.
Pain shoots through your body!
You die...

##..#........####..####.........#
.........##..##.....##.........##
##..#....###..##.$....<..........
.........###.....<# ......>......
........##.....#.## .##..........
..#.#...#......#.## #..........
.##.###.....#...).##.#.........#.
. ..# ##..###...)o#...........##.
. .## ##.# #...@.....#.... .....
#..###......###....###...
.......................#
........................
...##................... .##
##)...............#
##.#..###.###.......###
#.....###...##.........
#....#..####.......†....


You could see an orc priest.

Vanquished Creatures
  Terence (D:2)
  3 adders
  A worm (D:3)
  7 orcs
  5 bats
  10 endoplasms
  4 giant cockroaches
  16 goblins
  15 hobgoblins
  A jackal (D:3)
  5 kobolds
  5 quokkas
  10 ball pythons
  3 frilled lizards
  6 rats
92 creatures vanquished.

Notes
Turn   | Place    | Note
-------+----------+-------------------------------------------
     0 | D:1      | sankara the Hill Orc Fighter began the quest for the Orb.
     0 | D:1      | Reached XP level 1. HP: 19/19 MP: 1/1
    85 | D:1      | Reached XP level 2. HP: 11/27 MP: 2/2
   777 | D:1      | Reached XP level 3. HP: 31/33 MP: 3/3
  1283 | D:2      | Found a faded altar of an unknown god.
  1673 | D:2      | Reached XP level 4. HP: 40/40 MP: 4/4
  1705 | D:2      | Noticed Terence
  1713 | D:2      | Killed Terence
  1714 | D:2      | Reached skill level 1 in Dodging
  1961 | D:2      | Identified the +9 short sword of Putrescence {elec, rC-
                  | Int+4 Dex+8}
  2113 | D:3      | Found Baewim's Armour Emporium.
  2185 | D:3      | Reached XP level 5. HP: 47/47 MP: 5/5
  3441 | D:4      | Killed from afar by an orc priest

Illustrated notes

Levels and vault maps discovered:
D:1:      shiori_arrival_maze, layout_basic, kennysheep_decorative_pillar
D:2:      layout_basic, hellmonk_ecumenical_altar_arch_garden,
          kennysheep_small_spiral, hangedman_decor_lopped, minmay_pentomino_q4,
          uniq_terence
D:3:      kennysheep_big_flooded_room, layout_loops_cross, serial_shops,
          nicolae_shop_hallway_stairs, corexii_leaking_fountain, minmay_ruptured
D:4:      layout_cave_pools

Skill      XL: |  1  2  3  4  5 |
---------------+----------------+-----
Axes           | 3 4 |  4.7
Fighting       | 4 |  4.4
Dodging        | 1 |  1.4
Armour         | 4 |  4.1
Shields        | |  3.9

Action                   |  1- 3 |  4- 6 || total
-------------------------+-------+-------++-------
Melee: War axe           |   119 |   121 ||   240
 Stab: Sleeping          |     1 |       ||     1
Armor: Leather armour    |    44 |    55 ||    99
Dodge: Dodged            |    42 |    62 ||   104
Block: Buckler           |    29 |    20 ||    49
